[Event "Titled Tuesday Blitz December 7 2021"]
[White "Klyashtorny, Vladislav"]
[Black "Jaracz, Pawel"]
[WhiteFideId "4170938"]
[BlackFideId "1102222"]
[WhiteElo "2445"]
[BlackElo "2473"]
[Result "0-1"]
[Round "03"]
[TimeControl "180+1"]
[Date "2021.12.07"]
[WhiteClock "0:00:02"]
[BlackClock "0:01:17"]

1. e4 d6 2. d4 Nf6 3. Nc3 g6 4. Be3 a6 5. Qd2 b5 6. f3 Nbd7 7. g4 Nb6 8. g5 Nfd7 9. a4 b4 10. Nd1 a5 11. c3 bxc3 12. Nxc3 Bg7 13. h4 c5 14. h5 cxd4 15. Bxd4 O-O 16. hxg6 fxg6 17. Bxg7 Kxg7 18. Qh2 h5 19. gxh6+ Kh8 20. Qg3 Qe8 21. Bb5 Qf7 22. h7 Ne5 23. O-O-O Be6 24. Rf1 Bc4 25. Bxc4 Qxc4 26. Qg2 Nd3+ 27. Kc2 Rab8 0-1


[Site "https://www.chess.com"]

[Event "Titled Tuesday Blitz December 7 2021"]
[White "Korchmar, Vasiliy"]
[Black "Pranav, V"]
[WhiteFideId "24131750"]
[BlackFideId "25060783"]
[WhiteElo "2370"]
[BlackElo "2351"]
[Result "0-1"]
[Round "03"]
[TimeControl "180+1"]
[Date "2021.12.07"]
[WhiteClock "0:00:01"]
[BlackClock "0:00:21"]

1. e4 e5 2. Nf3 Nc6 3. Bb5 a6 4. Ba4 d6 5. c4 Bd7 6. Nc3 g6 7. O-O Bg7 8. d3 Nf6 9. Nd5 h6 10. h3 O-O 11. Be3 Nxd5 12. cxd5 Ne7 13. Bxd7 Qxd7 14. d4 f5 15. dxe5 fxe4 16. exd6 Qxd6 17. Nd2 Qxd5 18. Qc2 Nf5 19. Nxe4 Rae8 20. Nc3 Qc6 21. Qb3+ Kh7 22. Nd5 Re5 23. Rfd1 Nxe3 24. fxe3 Rg5 25. Rac1 Qd6 26. Rxc7 Qg3 27. Nf4 h5 28. Rxg7+ Kxg7 29. Ne6+ Kh6 30. Nxg5 Qxg5 31. Qxb7 Qxe3+ 32. Kh1 Rf2 33. Qxa6 Qe4 34. Rg1 Rxb2 35. Qa7 Re2 36. a4 Re3 37. a5 Rxh3# 0-1


[Site "https://www.chess.com"]

[Event "Titled Tuesday Blitz December 7 2021"]
[White "Krutko, Anatoly"]
[Black "Tanenbaum, Zachary"]
[WhiteFideId "4185862"]
[BlackFideId "2060850"]
[WhiteElo "2378"]
[BlackElo "2168"]
[Result "1-0"]
[Round "03"]
[TimeControl "180+1"]
[Date "2021.12.07"]
[WhiteClock "0:00:10"]
[BlackClock "0:00:23"]

1. d4 d5 2. c4 dxc4 3. Nf3 a6 4. e3 Nf6 5. Bxc4 e6 6. O-O c5 7. Nc3 b5 8. Bb3 Bb7 9. dxc5 Bxc5 10. Qe2 O-O 11. Rd1 Nbd7 12. Bc2 Qe7 13. b3 Rac8 14. Bb2 Ba3 15. Bd3 Rc7 16. Rac1 Rfc8 17. Ng5 Bxb2 18. Qxb2 Rxc3 19. Rxc3 Rxc3 20. Qxc3 Nd5 21. Bxh7+ Kh8 22. Rxd5 Bxd5 23. Qc8+ Nf8 24. Be4 Bxe4 25. Nxe4 Qb4 26. h4 Kg8 27. Qb7 Ng6 28. Ng5 Qf8 29. g3 b4 30. Qe4 Qe7 31. f4 Nf8 32. Nf3 a5 33. Ne5 Qd6 34. Qd4 Qc7 35. Nc4 f6 36. Qd6 Qc8 37. h5 a4 38. Qxb4 axb3 39. axb3 Qd7 40. Qd6 Qb7 41. Nd2 Qb5 42. Kf2 Qa5 43. Qd4 Qxh5 44. Nf3 Qh1 45. b4 Qb1 46. Qd2 Qb3 47. Kg2 Qc4 48. Nd4 Qc6+ 49. Nxc6 e5 50. b5 exf4 51. exf4 Ng6 52. Qa2+ Kh7 53. Qc2 Kh6 54. Nd8 f5 55. Nf7+ Kh5 56. Ng5 Kh6 57. Qxf5 Nf8 58. Qxf8 Kh5 59. Qf7+ Kg4 60. Qc4 Kf5 61. b6 Kg6 62. Nf3 Kh6 63. b7 g6 64. Ne5 g5 65. Nf3 Kh5 66. g4+ Kxg4 67. fxg5+ Kh5 68. Qh4+ Kg6 69. Qh6+ Kf5 70. Qf6+ Ke4 71. Qe5+ Kd3 72. g6 Kc2 73. g7 Kd1 74. b8=Q Kc2 75. Qbc7+ Kd1 76. Qe1# 1-0


[Site "https://www.chess.com"]

[Event "Titled Tuesday Blitz December 7 2021"]
[White "Licznerski, Lukasz"]
[Black "Ronka, Erik"]
[WhiteFideId "1179250"]
[BlackFideId "505080"]
[WhiteElo "2403"]
[BlackElo "2264"]
[Result "0-1"]
[Round "03"]
[TimeControl "180+1"]
[Date "2021.12.07"]
[WhiteClock "0:00:01"]
[BlackClock "0:00:16"]

1. e4 c6 2. d4 d5 3. Nc3 dxe4 4. Nxe4 Bf5 5. Ng3 Bg6 6. h4 h6 7. Nf3 Nd7 8. h5 Bh7 9. Bd3 Bxd3 10. Qxd3 e6 11. Bd2 Qc7 12. O-O-O Ngf6 13. Kb1 O-O-O 14. Ne4 c5 15. g3 cxd4 16. Nxf6 Nxf6 17. Nxd4 Bc5 18. Bf4 Bd6 19. Be3 a6 20. c4 Bc5 21. Qe2 Rd7 22. Nc2 Rhd8 23. Rxd7 Rxd7 24. g4 Bxe3 25. Nxe3 Qf4 26. f3 Ne4 27. Rd1 Rxd1+ 28. Nxd1 Nd2+ 29. Kc2 Nxf3 30. Kc3 Qxg4 31. Ne3 Qd4+ 32. Kc2 Ne5 33. b3 f5 34. Ng2 f4 35. Nh4 Kd7 36. a3 b5 37. cxb5 Qc5+ 38. Kd2 axb5 39. Nf3 Qd5+ 40. Kc1 Nxf3 41. a4 Nd4 0-1


[Site "https://www.chess.com"]

[Event "Titled Tuesday Blitz December 7 2021"]
[White "Lomaia, Diana"]
[Black "Boyer, Mahel"]
[WhiteFideId "13612476"]
[BlackFideId "45102422"]
[WhiteElo "1744"]
[BlackElo "2328"]
[Result "1-0"]
[Round "03"]
[TimeControl "180+1"]
[Date "2021.12.07"]
[WhiteClock "0:01:33"]
[BlackClock "0:00:04"]

1. d4 g6 2. Nf3 Bg7 3. c4 d6 4. g3 e5 5. dxe5 dxe5 6. Qxd8+ Kxd8 7. Bg2 c6 8. O-O Kc7 9. Nc3 Be6 10. Nd2 Nd7 11. b3 Ne7 12. Bb2 Nc8 13. Rfd1 a5 14. Nde4 f5 15. Ng5 Bg8 16. e4 h6 17. Nf3 Ncb6 18. Rac1 a4 19. c5 Nc8 20. Nxa4 Bh7 21. Bh3 Re8 22. Rc2 Nf6 23. Bxe5+ Rxe5 24. Nxe5 Nxe4 25. Nf7 Ne7 26. Nb6 Re8 27. Rd7+ Kb8 28. Nd6 Nxd6 29. cxd6 Nc8 30. Nxc8 Re1+ 31. Bf1 Bg8 32. Rxg7 Be6 33. d7 Kc7 34. Nb6 Rd1 35. Re2 1-0


[Site "https://www.chess.com"]

[Event "Titled Tuesday Blitz December 7 2021"]
[White "Macovei, Andrei"]
[Black "Cvetanovic, Uros"]
[WhiteFideId "13904680"]
[BlackFideId "900672"]
[WhiteElo "2410"]
[BlackElo "2282"]
[Result "1-0"]
[Round "03"]
[TimeControl "180+1"]
[Date "2021.12.07"]
[WhiteClock "0:01:11"]
[BlackClock "0:00:02"]

1. d4 Nf6 2. c4 e6 3. g3 Bb4+ 4. Bd2 Qe7 5. Bg2 O-O 6. e3 Bxd2+ 7. Qxd2 d6 8. Ne2 e5 9. Nbc3 c6 10. h3 Na6 11. g4 Nc7 12. f4 exf4 13. exf4 d5 14. c5 Ne4 15. Nxe4 dxe4 16. f5 Qh4+ 17. Kf1 Re8 18. Qe1 Qf6 19. Kg1 Nd5 20. Kh2 g6 21. fxg6 hxg6 22. Qg3 Qg7 23. g5 b6 24. Rac1 Ba6 25. Nc3 Qxd4 26. Rhd1 Bd3 27. Nxe4 Rxe4 28. Rxd3 Qe5 29. Bxe4 Qxe4 30. Rf3 b5 31. Rcf1 Rf8 32. h4 Qc4 33. Qf2 Qxa2 34. Rxf7 1-0


[Site "https://www.chess.com"]

[Event "Titled Tuesday Blitz December 7 2021"]
[White "Maksimenko, Viktor"]
[Black "Manafov, Vugar"]
[WhiteFideId "13710478"]
[BlackFideId "13410814"]
[WhiteElo "2269"]
[BlackElo "2277"]
[Result "0-1"]
[Round "03"]
[TimeControl "180+1"]
[Date "2021.12.07"]
[WhiteClock "0:00:08"]
[BlackClock "0:00:18"]

1. d4 Nf6 2. c4 e6 3. Nf3 Bb4+ 4. Bd2 a5 5. g3 O-O 6. Bg2 d5 7. O-O Nbd7 8. a3 Be7 9. Qc2 c6 10. Rd1 b5 11. c5 Ne4 12. Be1 f5 13. Nc3 Bf6 14. e3 Qe7 15. Ne2 g5 16. Nd2 Kh8 17. f3 Nxd2 18. Qxd2 e5 19. dxe5 Nxe5 20. b3 a4 21. f4 Ng4 22. Nd4 Qxe3+ 23. Qxe3 Nxe3 24. Rd3 gxf4 25. Rb1 Bxd4 26. Rxd4 Nc2 27. Rxf4 Nxe1 28. Rxe1 axb3 29. Rb4 Rxa3 30. Re3 f4 31. gxf4 Ra1+ 32. Kf2 Ra2+ 33. Re2 Bg4 34. Bf3 Bxf3 35. Kxf3 Rxe2 36. Kxe2 b2 37. Kf3 Rb8 38. Kg4 Kg7 39. Kf5 Rf8+ 40. Ke5 Re8+ 41. Kd6 Re2 42. f5 d4 43. Kxc6 d3 44. Kb7 d2 45. c6 d1=Q 46. c7 Qd5+ 47. Kb8 Re8+ 0-1


[Site "https://www.chess.com"]

[Event "Titled Tuesday Blitz December 7 2021"]
[White "Maksimovic, Bojan"]
[Black "Dorokhin, Mykhailo"]
[WhiteFideId "14408120"]
[BlackFideId "14114178"]
[WhiteElo "2458"]
[BlackElo "2280"]
[Result "1-0"]
[Round "03"]
[TimeControl "180+1"]
[Date "2021.12.07"]
[WhiteClock "0:01:13"]
[BlackClock "0:01:48"]

1. e4 c6 2. d4 d5 3. Nc3 dxe4 4. Nxe4 Nf6 5. Nxf6+ gxf6 6. c3 h5 7. Bd3 h4 8. h3 Qd5 9. Nf3 Bf5 10. O-O Bxd3 11. Qxd3 Nd7 12. c4 Qh5 13. Bf4 O-O-O 14. Qa3 e5 15. Qxa7 exf4 16. c5 Rg8 17. Kh1 Bh6 18. Rac1 Rxg2 19. Rc3 Rdg8 20. Rb3 Qf5 21. Qa8+ Nb8 22. Qxb7+ Kd8 23. Qxb8+ Ke7 24. Qd6+ Ke8 25. Rb8+ 1-0


[Site "https://www.chess.com"]

[Event "Titled Tuesday Blitz December 7 2021"]
[White "Maly, Alexey"]
[Black "Perez Gormaz, Matias"]
[WhiteFideId "14103184"]
[BlackFideId "3406342"]
[WhiteElo "2294"]
[BlackElo "2352"]
[Result "1/2-1/2"]
[Round "03"]
[TimeControl "180+1"]
[Date "2021.12.07"]
[WhiteClock "0:02:10"]
[BlackClock "0:00:55"]

1. d4 d5 2. c4 e6 3. Nf3 a6 4. e3 Nf6 5. Nbd2 b6 6. Bd3 Bb7 7. O-O Bd6 8. Qe2 Ne4 9. b3 O-O 10. Bb2 Nd7 11. Rad1 Qf6 12. Ba1 Qh6 13. Ne5 f6 14. Ng4 Qh5 15. f3 Nxd2 16. Rxd2 f5 17. Ne5 Nxe5 18. dxe5 Bc5 19. Bd4 Be7 20. f4 Qxe2 21. Bxe2 Kf7 22. Rfd1 dxc4 23. Bxc4 b5 24. Be2 c5 25. Bc3 Rfd8 26. Bf3 Bxf3 27. gxf3 Rxd2 28. Rxd2 Rd8 29. Rxd8 Bxd8 30. Kf2 Ke8 31. e4 g6 32. Ke3 Kd7 33. Kd3 Kc6 34. Be1 Be7 35. h3 Bd8 36. Bd2 1/2-1/2


[Site "https://www.chess.com"]

[Event "Titled Tuesday Blitz December 7 2021"]
[White "Martinez Reyes, Pedro Ramon"]
[Black "Rasulov, Vugar"]
[WhiteFideId "3901807"]
[BlackFideId "13402390"]
[WhiteElo "2410"]
[BlackElo "2560"]
[Result "0-1"]
[Round "03"]
[TimeControl "180+1"]
[Date "2021.12.07"]
[WhiteClock "0:00:09"]
[BlackClock "0:00:42"]

1. e4 c6 2. c4 g6 3. d4 Bg7 4. Nc3 d6 5. Be2 Nf6 6. g4 O-O 7. g5 Nfd7 8. Be3 e5 9. d5 cxd5 10. exd5 f5 11. gxf6 Nxf6 12. h4 Bf5 13. Qd2 Na6 14. h5 Nb4 15. O-O-O Qa5 16. a3 Ne4 17. Nxe4 Na2+ 18. Kb1 Bxe4+ 19. Kxa2 Qxd2 20. Rxd2 Bxh1 21. hxg6 hxg6 22. Bg4 Rf5 23. f3 e4 24. fxe4 Bxe4 25. Bxf5 gxf5 26. Ne2 Kf7 27. Ng3 Be5 28. Nxe4 fxe4 29. Rf2+ Kg6 30. Rg2+ Kf5 31. Rg5+ Kf6 32. Rg4 Rh8 33. Rxe4 Kf5 34. Rxe5+ Kxe5 35. Bxa7 Ke4 36. Kb3 Kd3 37. Kb4 Kc2 38. b3 Rh3 39. Bb8 Rxb3+ 40. Ka4 Kc3 41. Bxd6 Kxc4 42. Bb4 b6 43. d6 Rd3 44. Be1 Rd5 45. Bb4 Ra5+ 46. Bxa5 b5# 0-1


[Site "https://www.chess.com"]

[Event "Titled Tuesday Blitz December 7 2021"]
[White "Matinian, Nikita"]
[Black "Bayasgalan, Khishigbaatar"]
[WhiteFideId "24129100"]
[BlackFideId "4904311"]
[WhiteElo "2422"]
[BlackElo "1624"]
[Result "1-0"]
[Round "03"]
[TimeControl "180+1"]
[Date "2021.12.07"]
[WhiteClock "0:01:47"]
[BlackClock "0:00:07"]

1. e4 e6 2. d4 d5 3. Nc3 dxe4 4. Nxe4 Nf6 5. Nxf6+ Qxf6 6. Nf3 h6 7. Bb5+ Bd7 8. Bd3 c5 9. Be3 Nc6 10. dxc5 Qxb2 11. O-O Qa3 12. Rb1 Bc8 13. Rb3 Qxa2 14. Nd4 Bxc5 15. Nxc6 Bxe3 16. fxe3 bxc6 17. Qf3 O-O 18. Qxc6 Bd7 19. Qxd7 a5 20. Rb7 e5 21. Qf5 g6 22. Qxe5 Rae8 23. Qc7 Qe6 24. e4 a4 25. Bc4 Qxe4 26. Bxf7+ Kh8 27. Qc3+ Qe5 28. Qxe5+ Rxe5 29. Bxg6 Rg8 30. Rh7# 1-0


[Site "https://www.chess.com"]

[Event "Titled Tuesday Blitz December 7 2021"]
[White "Migot, Tangi"]
[Black "Hjartarson, Johann"]
[WhiteFideId "662445"]
[BlackFideId "2300044"]
[WhiteElo "2416"]
[BlackElo "2502"]
[Result "0-1"]
[Round "03"]
[TimeControl "180+1"]
[Date "2021.12.07"]
[WhiteClock "0:00:07"]
[BlackClock "0:01:44"]

1. e4 Nf6 2. e5 Nd5 3. d4 d6 4. c4 Nb6 5. exd6 cxd6 6. Nc3 g6 7. Be3 Bg7 8. Rc1 O-O 9. b3 e5 10. dxe5 dxe5 11. Qxd8 Rxd8 12. c5 N6d7 13. Nf3 Nc6 14. Bc4 Na5 15. Be2 b6 16. b4 Nc6 17. b5 Nd4 18. c6 Nc5 19. Bc4 Be6 20. Nb1 Bxc4 21. Rxc4 Nd3+ 22. Kf1 Nxb5 23. Ke2 Nc7 24. Rd1 b5 25. Rc3 e4 26. Rcxd3 exd3+ 27. Rxd3 Rxd3 28. Kxd3 Rd8+ 29. Ke2 Rd6 30. Bxa7 Rxc6 31. Bb8 Nd5 32. Nbd2 Nc3+ 0-1


[Site "https://www.chess.com"]

[Event "Titled Tuesday Blitz December 7 2021"]
[White "Mikhailovsky, Vladimir"]
[Black "Vypkhaniuk, Ihor"]
[WhiteFideId "34105414"]
[BlackFideId "14112256"]
[WhiteElo "2409"]
[BlackElo "2327"]
[Result "0-1"]
[Round "03"]
[TimeControl "180+1"]
[Date "2021.12.07"]
[WhiteClock "0:00:02"]
[BlackClock "0:00:45"]

1. e4 d5 2. exd5 Nf6 3. Bb5+ Bd7 4. Be2 Nxd5 5. Nf3 Bf5 6. O-O e6 7. d4 Be7 8. c4 Nb4 9. a3 Nc2 10. Ra2 Nxd4 11. Nxd4 Bxb1 12. Ra1 Bg6 13. Bf3 c6 14. Be3 O-O 15. Qb3 Qc8 16. Rad1 Nd7 17. Rfe1 a5 18. g3 a4 19. Qc3 Bf6 20. Qc1 Ne5 21. Be2 Rd8 22. f4 Nd7 23. Nf3 Nf8 24. Bb6 Rxd1 25. Rxd1 Nd7 26. Bf2 e5 27. Qd2 Bf5 28. fxe5 Nxe5 29. Nxe5 Bxe5 30. Bb6 h6 31. Qe3 Qe6 32. Bf1 Bxb2 33. Qf3 Bg4 34. Qf2 Bxd1 35. Qxb2 Bb3 36. Bd4 f6 37. c5 Rd8 38. Bf2 Bc4 39. Qxb7 Rd1 40. Qb8+ Kh7 41. Qf4 0-1


[Site "https://www.chess.com"]

[Event "Titled Tuesday Blitz December 7 2021"]
[White "Mirzanurov, Bulat"]
[Black "Nazari, Arad"]
[WhiteFideId "4184521"]
[BlackFideId "12577324"]
[WhiteElo "2116"]
[BlackElo "2119"]
[Result "0-1"]
[Round "03"]
[TimeControl "180+1"]
[Date "2021.12.07"]
[WhiteClock "0:00:04"]
[BlackClock "0:00:41"]

1. e4 c5 2. Nf3 d6 3. d4 cxd4 4. Nxd4 Nf6 5. Nc3 a6 6. Bg5 Nbd7 7. Qe2 e6 8. f4 Qc7 9. O-O-O b5 10. a3 Bb7 11. g4 Be7 12. Bg2 Rc8 13. Kb1 O-O 14. h4 Nc5 15. Bxf6 Bxf6 16. g5 Bxd4 17. Rxd4 e5 18. fxe5 dxe5 19. Rd2 Ne6 20. Qg4 Qa5 21. h5 Rxc3 22. bxc3 Nc5 23. g6 Qxc3 24. gxh7+ Kh8 25. h6 gxh6 26. Rf2 Na4 27. Kc1 Rd8 28. Qg8+ Rxg8 0-1


[Site "https://www.chess.com"]

[Event "Titled Tuesday Blitz December 7 2021"]
[White "Mirzoev, Azer"]
[Black "Manukian, Artak"]
[WhiteFideId "13400304"]
[BlackFideId "13301373"]
[WhiteElo "2525"]
[BlackElo "2398"]
[Result "1-0"]
[Round "03"]
[TimeControl "180+1"]
[Date "2021.12.07"]
[WhiteClock "0:00:08"]
[BlackClock "0:00:02"]

1. c4 Nf6 2. Nc3 g6 3. Nf3 Bg7 4. d4 d5 5. Qa4+ Qd7 6. Qxd7+ Bxd7 7. cxd5 Bf5 8. Bf4 Na6 9. e3 Nb4 10. Rc1 Nbxd5 11. Be5 Nxc3 12. Rxc3 c6 13. Rb3 O-O-O 14. Bc4 e6 15. Ra3 a6 16. Ke2 Ne8 17. Bxg7 Nxg7 18. Rc1 Bg4 19. h3 Bxf3+ 20. gxf3 Nf5 21. Bd3 Kb8 22. f4 Nd6 23. Ra5 Nc8 24. Be4 Ka7 25. Bf3 Nb6 26. h4 h5 27. Rg5 Nc8 28. Rgc5 Ne7 29. Be4 Rd6 30. b4 Rhd8 31. a4 Kb6 32. Rb1 Nd5 33. Bf3 Nc7 34. Ke1 R8d7 35. Be2 Rd5 36. Bf3 Rxc5 37. bxc5+ Ka7 38. Be4 Nd5 39. Rb3 Nf6 40. Bf3 1-0


[Site "https://www.chess.com"]

[Event "Titled Tuesday Blitz December 7 2021"]
[White "Mitusov, Semen"]
[Black "Rustemov, Alexander"]
[WhiteFideId "14151049"]
[BlackFideId "4119002"]
[WhiteElo "2246"]
[BlackElo "2760"]
[Result "1-0"]
[Round "03"]
[TimeControl "180+1"]
[Date "2021.12.07"]
[WhiteClock "0:00:29"]
[BlackClock "0:00:05"]

1. e4 e6 2. d4 d5 3. Nc3 dxe4 4. Nxe4 Bd7 5. Nf3 Bc6 6. Bd3 Nd7 7. O-O Ngf6 8. Ned2 Be7 9. Nc4 Bd5 10. Ne3 Be4 11. Be2 O-O 12. Nd2 Bg6 13. c4 c5 14. d5 exd5 15. cxd5 Ne8 16. Ndc4 Nb6 17. Bd3 Nxc4 18. Nxc4 Qxd5 19. Bxg6 Qxc4 20. Bd3 Qh4 21. Be3 Rd8 22. Qb3 b6 23. Rad1 Nf6 24. h3 Bd6 25. Be2 Bf4 26. Rxd8 Rxd8 27. Rd1 Re8 28. Bc4 Bxe3 29. Bxf7+ Kh8 30. fxe3 Rf8 31. Qe6 h6 32. Qe7 Rc8 33. Be6 Re8 34. Rd8 Qh5 35. Bf7 Qxf7 36. Qxf7 Rxd8 37. Qxa7 Rd6 38. Qb8+ Kh7 39. Qxd6 1-0


[Site "https://www.chess.com"]

[Event "Titled Tuesday Blitz December 7 2021"]
[White "Nevednichy, Vladislav"]
[Black "Djordjevic, Vuk"]
[WhiteFideId "1205730"]
[BlackFideId "902098"]
[WhiteElo "2379"]
[BlackElo "2463"]
[Result "0-1"]
[Round "03"]
[TimeControl "180+1"]
[Date "2021.12.07"]
[WhiteClock "0:00:15"]
[BlackClock "0:00:06"]

1. e4 e6 2. d4 d5 3. exd5 exd5 4. Nf3 Bd6 5. c4 dxc4 6. Bxc4 Nf6 7. Nc3 O-O 8. O-O Bg4 9. h3 Bh5 10. g4 Bg6 11. Ne5 Ne4 12. Nxe4 Bxe4 13. Qb3 Bxe5 14. dxe5 Nc6 15. Qe3 Qd4 16. Qxd4 Nxd4 17. f4 b5 18. Bb3 Rfd8 19. Be3 Nxb3 20. axb3 Rd3 21. Bxa7 Rg3+ 22. Kf2 Rf3+ 23. Ke2 Rxb3 24. Bd4 Rd8 25. Rad1 Rxh3 26. f5 h6 27. Rf4 Bd5 28. Rd2 Bc4+ 29. Kf2 c5 30. Be3 Rh2+ 31. Ke1 Rh1+ 32. Kf2 Rh2+ 33. Ke1 Rdxd2 34. Bxd2 Re2+ 35. Kd1 Rg2 36. Be3 Be2+ 37. Kc1 c4 38. e6 fxe6 39. fxe6 Bxg4 40. e7 Bh5 41. Rf8+ Kh7 42. e8=Q Bxe8 43. Rxe8 Re2 44. Re7 h5 45. Bc5 Rxe7 46. Bxe7 Kg6 47. Kd2 Kf5 48. Ke3 g5 49. Kf3 h4 50. Ke3 Kg4 51. Bf6 h3 52. Be5 Kf5 53. Bh2 b4 54. Kd4 c3 55. bxc3 bxc3 56. Kxc3 Ke4 57. Kd2 Kf3 58. Be5 g4 59. Ke1 g3 60. Kf1 h2 61. Ke1 h1=Q+ 62. Kd2 Qg2+ 0-1


[Site "https://www.chess.com"]

[Event "Titled Tuesday Blitz December 7 2021"]
[White "Nilsen, Tobias Lang"]
[Black "Ezat, Mohamed"]
[WhiteFideId "1521624"]
[BlackFideId "10600906"]
[WhiteElo "1979"]
[BlackElo "2400"]
[Result "1-0"]
[Round "03"]
[TimeControl "180+1"]
[Date "2021.12.07"]
[WhiteClock "0:02:07"]
[BlackClock "0:00:20"]

1. e4 c6 2. Nc3 d5 3. Nf3 Bg4 4. h3 Bh5 5. exd5 cxd5 6. g4 Bg6 7. Bb5+ Nc6 8. Ne5 Rc8 9. d4 e6 10. Qe2 Bb4 11. h4 Ne7 12. h5 Be4 13. f3 O-O 14. Bxc6 Nxc6 15. Nxc6 Rxc6 16. fxe4 Rxc3 17. bxc3 Bxc3+ 18. Bd2 Bxa1 19. c3 Qa5 20. Qe3 Qxa2 21. O-O e5 22. h6 g6 23. Qg5 f6 24. Rxf6 Qb1+ 25. Kh2 Qxe4 26. Rxf8+ Kxf8 27. Qd8+ Kf7 28. Qd7+ Kf6 29. g5# 1-0


[Site "https://www.chess.com"]

[Event "Titled Tuesday Blitz December 7 2021"]
[White "Ozen, Bahadir"]
[Black "Walter, Szymon"]
[WhiteFideId "6337058"]
[BlackFideId "1172590"]
[WhiteElo "2503"]
[BlackElo "2227"]
[Result "1-0"]
[Round "03"]
[TimeControl "180+1"]
[Date "2021.12.07"]
[WhiteClock "0:00:08"]
[BlackClock "0:00:10"]

1. Nf3 b6 2. g3 Bb7 3. Bg2 g6 4. O-O Bg7 5. d4 Nf6 6. Bg5 O-O 7. Nbd2 h6 8. Bxf6 exf6 9. Ne1 Bxg2 10. Nxg2 f5 11. e3 d5 12. Nf4 c6 13. Rc1 Nd7 14. c4 dxc4 15. Nxc4 c5 16. dxc5 Nxc5 17. Qe2 Qf6 18. Nd5 Qg5 19. h4 Qg4 20. Qxg4 fxg4 21. Rfd1 Rad8 22. Ne7+ Kh7 23. Nc6 Rxd1+ 24. Rxd1 b5 25. Nd6 Bxb2 26. Nxb5 a6 27. Nd6 Kg7 28. Rd5 Ne6 29. h5 Ng5 30. hxg6 fxg6 31. Kg2 Nh3 32. Ne4 h5 33. Rd2 Bf6 34. Rd7+ Kh6 35. Rd6 Bg7 36. Ne7 Kh7 37. Nxg6 Re8 38. Nd2 Rc8 39. Nf4 Nxf4+ 40. exf4 Rc2 41. Ne4 Rxa2 42. Ng5+ Kg8 43. f5 Be5 44. Rg6+ Kf8 45. Rh6 Kg8 46. Ne6 a5 47. Rxh5 a4 48. Rg5+ Kf7 49. Rxg4 a3 50. Ra4 Kf6 51. Nc5 Bc3 52. Ne4+ Kf7 53. Nxc3 Ra1 54. g4 Kg7 55. g5 Kf7 56. f6 Kg6 57. f4 Kf7 58. Ra7+ Kg6 59. f7 Kh5 60. f8=Q Kg4 61. Qc8+ 1-0


[Site "https://www.chess.com"]

[Event "Titled Tuesday Blitz December 7 2021"]
[White "Pakleza, Zbigniew"]
[Black "Paravyan, David"]
[WhiteFideId "1119290"]
[BlackFideId "4194985"]
[WhiteElo "2526"]
[BlackElo "2656"]
[Result "0-1"]
[Round "03"]
[TimeControl "180+1"]
[Date "2021.12.07"]
[WhiteClock "0:00:08"]
[BlackClock "0:00:14"]

1. d4 Nf6 2. Nf3 g6 3. Bf4 Bg7 4. e3 O-O 5. Be2 d6 6. h3 Nc6 7. O-O Nd7 8. Bh2 e5 9. c3 f5 10. b4 a6 11. Nbd2 e4 12. Ne1 Kh8 13. Nc2 g5 14. a4 d5 15. c4 Ne7 16. b5 f4 17. bxa6 c6 18. axb7 Bxb7 19. Nb3 Ng6 20. cxd5 cxd5 21. a5 Nh4 22. a6 Bc8 23. Bg4 Rxa6 24. Rxa6 Bxa6 25. Re1 f3 26. Bxd7 Qxd7 27. Nc5 Qc8 28. Nxa6 fxg2 29. Qg4 Qxa6 30. Be5 Bxe5 31. dxe5 Qa2 32. Qd1 Qxc2 33. Qxc2 Nf3+ 34. Kxg2 Nxe1+ 35. Kg3 Nxc2 36. Kg4 h6 37. e6 0-1


[Site "https://www.chess.com"]

[Event "Titled Tuesday Blitz December 7 2021"]
[White "Papasimakopoulos, Alexandros"]
[Black "Terry, Renato"]
[WhiteFideId "4244125"]
[BlackFideId "3803457"]
[WhiteElo "2394"]
[BlackElo "2577"]
[Result "1/2-1/2"]
[Round "03"]
[TimeControl "180+1"]
[Date "2021.12.07"]
[WhiteClock "0:00:19"]
[BlackClock "0:00:08"]

1. d4 Nf6 2. c4 b6 3. f3 Nc6 4. d5 Ne5 5. e4 Ng6 6. Nc3 e5 7. Be3 Bc5 8. Qd2 c6 9. Bd3 Bxe3 10. Qxe3 Nf4 11. Qd2 Qe7 12. g3 Nxd3+ 13. Qxd3 Ba6 14. Nge2 O-O 15. b3 Rac8 16. O-O cxd5 17. Nxd5 Nxd5 18. Qxd5 b5 19. Rac1 bxc4 20. bxc4 Rc5 21. Qd2 Rfc8 22. Rfd1 R8c7 23. Nc3 Bxc4 24. Kg2 h5 25. h4 R5c6 26. Nd5 Bxd5 27. exd5 Rxc1 28. Rxc1 Rxc1 29. Qxc1 d6 30. Qc8+ Kh7 31. a4 g6 32. Qc4 f5 33. a5 Kg7 34. a6 e4 35. Kf2 exf3 36. Qd4+ Kf7 37. Kxf3 Qc7 38. Qe3 Qe7 39. Qd4 Qd7 40. Qh8 Qb5 41. Qh7+ Kf6 42. Qh8+ Kf7 43. Qh7+ Kf6 44. Qh8+ Kf7 1/2-1/2


[Site "https://www.chess.com"]

[Event "Titled Tuesday Blitz December 7 2021"]
[White "Piesik, Piotr"]
[Black "Abdilkhair, Abilmansur"]
[WhiteFideId "1136194"]
[BlackFideId "13716417"]
[WhiteElo "2336"]
[BlackElo "2063"]
[Result "1-0"]
[Round "03"]
[TimeControl "180+1"]
[Date "2021.12.07"]
[WhiteClock "0:01:08"]
[BlackClock "0:00:01"]

1. Nf3 d5 2. g3 Bg4 3. Bg2 Nd7 4. O-O c6 5. d3 e6 6. Nbd2 Ngf6 7. e4 dxe4 8. dxe4 Be7 9. h3 Bh5 10. Qe1 O-O 11. Nb3 Qb6 12. Be3 Qa6 13. Nfd2 e5 14. g4 Bg6 15. f3 Rfd8 16. Qg3 Ne8 17. Rfd1 f6 18. Bf1 Qa4 19. Nc4 Bf7 20. Nbd2 Bc5 21. Qf2 Bxe3 22. Qxe3 b5 23. b3 Qb4 24. c3 Qe7 25. Na5 Rdc8 26. h4 Nc5 27. g5 Ne6 28. Bh3 Rc7 29. Bxe6 Qxe6 30. b4 Qh3 31. Qf2 Bh5 32. Rf1 Rd8 33. Ndb3 fxg5 34. hxg5 Rd3 35. Qg2 Qxg2+ 36. Kxg2 Rxc3 37. Rac1 Bxf3+ 38. Rxf3 Rxc1 39. Nxc1 Nd6 40. Rc3 Nxe4 41. Rxc6 Rd7 42. g6 hxg6 43. Ncb3 Nf6 44. Re6 1-0


[Site "https://www.chess.com"]

[Event "Titled Tuesday Blitz December 7 2021"]
[White "Preotu, Razvan"]
[Black "Riehle, Marco"]
[WhiteFideId "2613280"]
[BlackFideId "12904392"]
[WhiteElo "2407"]
[BlackElo "2462"]
[Result "1-0"]
[Round "03"]
[TimeControl "180+1"]
[Date "2021.12.07"]
[WhiteClock "0:00:24"]
[BlackClock "0:00:52"]

1. e4 e5 2. Nf3 Nf6 3. d4 exd4 4. e5 Ne4 5. Qxd4 f5 6. Be3 Nc6 7. Qd5 Nb4 8. Qb3 d5 9. exd6 Bxd6 10. Bc4 Nc6 11. O-O Qf6 12. Nc3 Nxc3 13. bxc3 Bd7 14. Bg5 Qg6 15. Rfe1+ Kf8 16. Qxb7 Rb8 17. Qa6 Rb6 18. Qa4 Ne5 19. Nxe5 Bxa4 20. Nxg6+ hxg6 21. h4 Rc6 22. Rab1 Rb6 23. Bb3 Bxb3 24. axb3 Kf7 25. Ra1 a6 26. Ra4 Rc6 27. c4 Re8 28. Rxe8 Kxe8 29. Kf1 Kf7 30. Ke2 Be5 31. g3 Re6 32. Kf3 Rc6 33. Be3 Kf6 34. c5 Re6 35. c4 Bc3 36. b4 Kf7 37. b5 axb5 38. cxb5 Be5 39. Ra7 Ke8 40. b6 cxb6 41. cxb6 Re7 42. Rxe7+ Kxe7 43. Bf4 Bxf4 44. Kxf4 Kd7 45. Kg5 Kc6 46. Kxg6 Kxb6 47. Kxg7 Kc6 48. h5 Kd5 49. h6 f4 50. gxf4 1-0


[Site "https://www.chess.com"]

[Event "Titled Tuesday Blitz December 7 2021"]
[White "Przybylski, Wojciech"]
[Black "crazy_machine"]
[WhiteFideId "1117599"]
[WhiteElo "2247"]
[BlackElo "2744"]
[Result "1-0"]
[Round "03"]
[TimeControl "180+1"]
[Date "2021.12.07"]
[WhiteClock "0:00:03"]
[BlackClock "0:00:15"]

1. e4 c5 2. Nf3 Nc6 3. Bb5 g6 4. O-O Bg7 5. Nc3 e6 6. Bxc6 dxc6 7. d3 e5 8. Be3 b6 9. h3 Qe7 10. Qd2 Nf6 11. a4 a5 12. Nh2 Nd7 13. f4 exf4 14. Bxf4 Nf8 15. e5 Ne6 16. Bg3 Nd4 17. Ng4 Bxg4 18. hxg4 O-O 19. Ne4 Bxe5 20. Bxe5 Qxe5 21. Nf6+ Kg7 22. Rae1 Qd6 23. Re3 h6 24. Rh3 Rh8 25. c3 Ne6 26. Rhf3 Ng5 27. Rf4 Rad8 28. d4 cxd4 29. Rxd4 Qe7 30. Kh1 Rxd4 31. Qxd4 Kf8 32. Nd7+ Ke8 33. Qxh8+ Kxd7 34. Rd1+ Ke6 35. Qxh6 Ne4 36. Qf4 f5 37. Kg1 Qc5+ 38. Kh2 Qe7 39. Rd4 Qh4+ 40. Kg1 Qe1+ 41. Kh2 Qe2 42. gxf5+ gxf5 43. Qh4 Ke5 44. Qh8+ Kf4 45. Qh6+ Ke5 46. Qg7+ Kf4 47. Qg3# 1-0


[Site "https://www.chess.com"]